 Dungeon Crawl Stone Soup version 0.17.0-57-g0e89251 (webtiles) character file.

338 PossumBlood the Skirmisher (level 6, 0/51 HPs)
             Began as a Formicid Fighter on Dec 7, 2015.
             Was an Initiate of Okawaru.
             Killed by divine providence
             ... invoked by an orc priest
              (11 damage)
             ... on level 4 of the Dungeon.
             The game lasted 00:11:18 (3183 turns).

PossumBlood the Skirmisher (Formicid Fighter)       Turns: 3183, Time: 00:11:19

Health: 0/51       AC: 13    Str: 22    XL:     6   Next: 86%
Magic:  6/6        EV:  5    Int:  8    God:    Okawaru [......]
Gold:   132        SH: 10    Dex: 10    Spells: 0 memorised, 5 levels left

rFire  . . .     SeeInvis +     a - +0 war axe
rCold  . . .     Clarity  .     q - +1 plate armour
rNeg   . . .     SustAt   .     c - +0 shield
rPois  .         Gourm    .     (helmet unavailable)
rElec  .         Spirit   .     (no cloak)
rCorr  .         Warding  .     (no gloves)
rMut   .         Stasis   +     (no boots)
MR     .....                    (no amulet)
Stlth  ..........               (no ring)
                                (no ring)

@: not resistant to hostile enchantments, extremely unstealthy
A: permanent stasis, dig shafts and tunnels, four strong arms, antennae 3
a: Dig, Shaft Self, Renounce Religion


You were on level 4 of the Dungeon.
You worshipped Okawaru.
Okawaru was noncommittal.
You were hungry.

You visited 2 branches of the dungeon, and saw 5 of its levels.

You collected 132 gold pieces.

Inventory:

Hand Weapons
 a - a +0 war axe (weapon)
 s - a +0 halberd
Armour
 c - a +0 shield (worn)
 q - a +1 plate armour (worn)
Jewellery
 b - an uncursed amulet of rage
Scrolls
 h - 2 scrolls of blinking
 i - a scroll of fear
 k - 3 scrolls of identify
 l - a scroll of magic mapping
Potions
 d - 3 potions of flight {unknown}
 g - a potion of invisibility {unknown}
 n - 3 potions of lignification {unknown}
 p - 2 potions of agility {unknown}
 r - a potion of mutation {unknown}
Comestibles
 e - 3 bread rations
 j - 2 fruits
 o - a meat ration


   Skills:
 + Level 5.0 Fighting
 * Level 4.3 Axes
 + Level 4.4 Armour
 + Level 4.7 Shields


You had 5 spell levels left.
You didn't know any spells.

Dungeon Overview and Level Annotations

Branches:
Dungeon (4/15)             Temple (1/1) D:4

Altars:
Dithmenos
Gozag
Kikubaaqudgha
Makhleb
Nemelex Xobeh
Okawaru
Ru
Trog
Vehumet
Xom
Zin


Innate Abilities, Weirdness & Mutations

You are under a permanent stasis effect.
You can dig through walls and to a lower floor.
Your four strong arms can wield two-handed weapons with a shield.
You have a pair of large antennae on your head (SInv).


Message History

The orc closely misses you.
The orc priest calls upon Beogh to heal the orc.
The orc's wounds heal themselves!
You closely miss the orc priest.
The orc priest is heavily wounded.
You barely miss the orc.
The orc priest mumbles some strange prayers to Beogh against you.
Something smites you! The orc hits you with a morningstar.
* * * LOW HITPOINT WARNING * * *
You are too injured to fight recklessly!
You are too injured to fight recklessly!
You are too injured to fight recklessly!
Drink which item? (? for menu, Esc to quit)
Okay, then.
You hit the orc priest but do no damage.
The orc priest is heavily wounded.
You closely miss the orc.
The orc priest calls down the wrath of Beogh upon you.
Something smites you!
You die...

*,**************************,**,*
,,* ########### *,**,* ,**
#.........# *,,,,* ,* #.###'###†#
****** ,* *,#.....#.############
** *,#.⌠.⌠.#.............
*,+..>..+.###........#
**#.⌠.⌠.#.# #..<.....# #.o@..#.#
#........# ###o###.# #........#
#..,..# #........' #######
#........# #........# ##########
######


You could see an orc priest and an orc.

Vanquished Creatures
  The ghost of PossumBlood the Pure, a weakling DsAK of Lugonu (D:3)
  2 giant frog skeletons (D:4)
  A gnoll shaman (D:4)
  Natasha (D:4)
  A worker ant (D:4)
  5 gnolls (D:4)
  2 adders
  3 oozes
  2 worms
  A giant gecko (D:2)
  9 orcs
  2 giant cockroaches
  7 hobgoblins
  12 jackals
  A quokka (D:2)
  4 bats
  A giant newt (D:1)
  9 goblins
  7 kobolds
  8 rats
79 creatures vanquished.

Notes
Turn   | Place    | Note
--------------------------------------------------------------
     0 | D:1      | PossumBlood the Formicid Fighter began the quest for the Orb.
     0 | D:1      | Reached XP level 1. HP: 18/18 MP: 1/1
   237 | D:1      | Reached XP level 2. HP: 14/24 MP: 2/2
   637 | D:1      | Reached XP level 3. HP: 20/29 MP: 3/3
  1052 | D:2      | Found a shadowy altar of Dithmenos.
  1101 | D:2      | Found a radiant altar of Vehumet.
  1273 | D:2      | Reached XP level 4. HP: 37/37 MP: 4/4
  1540 | D:3      | Noticed PossumBlood's ghost (weakling DsAK)
  1543 | D:3      | Found a sparkling altar of Nemelex Xobeh.
  1548 | D:3      | Killed PossumBlood's ghost
  1548 | D:3      | Reached skill level 4 in Fighting
  1548 | D:3      | Reached XP level 5. HP: 32/42 MP: 5/5
  2531 | D:4      | Noticed Natasha
  2546 | D:4      | Reached XP level 6. HP: 33/49 MP: 6/6
  2606 | D:4      | Killed Natasha
  2606 | D:4      | Reached skill level 5 in Fighting
  2948 | D:4      | Found a staircase to the Ecumenical Temple.
  2954 | Temple   | Entered the Ecumenical Temple
  2988 | Temple   | Became a worshipper of Warmaster Okawaru
  3183 | D:4      | Killed from afar by an orc priest

Action                   |  1- 3 |  4- 6 || total
-------------------------+-------+-------++-------
Melee: War axe           |    82 |   163 ||   245
  Use: Potion            |       |     1 ||     1
       Scroll            |       |     6 ||     6
  Eat: Bread ration      |     1 |       ||     1
       Fruit             |       |     3 ||     3
